 Dungeon Crawl Stone Soup version 0.31-a0-590-g8a5a4361df (webtiles) character file.

Game seed: 6783456681815362476

10101 zazu2006 the Carver (level 11, -2/84 HPs)
             Began as a Gnoll Wanderer on Aug 19, 2023.
             Was a Believer of Vehumet.
             Slain by a troll (10 damage)
             ... on level 9 of the Dungeon.
             The game lasted 00:32:07 (14011 turns).

zazu2006 the Carver (Gnoll Wanderer)               Turns: 14011, Time: 00:32:07

Health: -2/84      AC:  4    Str: 10    XL:     11   Next: 56%
Magic:  0/21       EV: 15    Int: 15    God:    Vehumet [**....]
Gold:   993        SH:  0    Dex: 14    Spells: 20/24 levels left

rFire   . . .        a - +2 falchion (freeze)
rCold   + . .        (no shield)
rNeg    + . .        f - +1 robe {rC+}
rPois   .            (no helmet)
rElec   .            I - scarf {+Inv}
rCorr   .            (no gloves)
SInv    .            G - +0 pair of boots
Will    .....        F - amulet "Filuduex" {Spirit rN+}
Stlth   +++          (no ring)
HPRegen 0.34/turn    (no ring)
MPRegen 0.17/turn

%: guardian spirit
@: about to teleport
A: fangs 1, strong nose, distributed training
a: Renounce Religion, Evoke Invisibility


You were on level 9 of the Dungeon.
You worshipped Vehumet.
Vehumet was pleased with you.
You visited 3 branches of the dungeon, and saw 13 of its levels.
You also visited: Sewer and Ossuary.

You collected 1017 gold pieces.
You spent 24 gold pieces at shops.

Inventory:

Hand Weapons
 a - a +2 falchion of freezing (weapon)
 s - a +2 short sword of electrocution
Missiles
 r - 30 poisoned darts
 H - 6 curare-tipped darts (quivered)
Armour
 b - a +0 scale mail
 f - a +1 robe of cold resistance (worn)
 i - a scarf of shadows
 G - a +0 pair of boots (worn)
 I - a scarf of invisibility (worn)
Jewellery
 F - the amulet "Filuduex" (around neck) {Spirit rN+}
   (You found it on level 6 of the Dungeon)

   [amulet of guardian spirit]

   Spirit:    It causes incoming damage to be divided between your reserves of
   health and magic.
   rN+:       It protects you from negative energy.
 J - an amulet of the acrobat
Wands
 L - a wand of flame (9)
Scrolls
 e - 2 scrolls of brand weapon
 g - 6 scrolls of teleportation
 h - a scroll of silence {unknown}
 k - 3 scrolls of amnesia
 n - a scroll of enchant armour {unknown}
 p - 3 scrolls of poison
 t - a scroll of butterflies {unknown}
 v - 2 scrolls of noise
 w - 2 scrolls of enchant weapon
 x - 3 scrolls of revelation {unknown}
 y - a scroll of fog
 A - a scroll of immolation {unknown}
 D - a scroll of fear {unknown}
 K - 2 scrolls of identify
Potions
 c - 6 potions of haste
 d - 3 potions of attraction {unknown}
 j - 7 potions of curing
 l - 4 potions of brilliance
 m - 3 potions of might
 o - 2 potions of invisibility
 q - a potion of berserk rage {unknown}
 u - 5 potions of cancellation
 z - a potion of resistance {unknown}
 C - a potion of ambrosia
 E - a potion of magic


   Skills:
 + Level 7.1 Fighting
 + Level 6.5 Short Blades
 + Level 12.2 Long Blades
 + Level 6.5 Axes
 + Level 6.5 Maces & Flails
 + Level 6.5 Polearms
 + Level 6.5 Staves
 + Level 6.5 Ranged Weapons
 + Level 6.5 Throwing
 + Level 7.1 Armour
 + Level 6.5 Dodging
 + Level 6.5 Stealth
 + Level 6.5 Shields
 + Level 6.5 Unarmed Combat
 + Level 7.2 Spellcasting
 + Level 5.4 Conjurations
 + Level 5.4 Hexes
 + Level 5.4 Summonings
 + Level 5.4 Necromancy
 + Level 5.4 Translocations
 + Level 5.4 Transmutations
 + Level 5.4 Fire Magic
 + Level 5.4 Ice Magic
 + Level 5.4 Air Magic
 + Level 5.4 Earth Magic
 + Level 5.9 Poison Magic
 + Level 7.2 Invocations
 + Level 7.1 Evocations
 + Level 5.4 Shapeshifting


You had 20 spell levels left.
You knew the following spells:

 Your Spells              Type           Power      Damage    Failure   Level
a - Sting                 Tmut/Pois      88%        1d7       1%          1
b - Blink                 Tloc           42%        N/A       2%          2
c - Sandblast             Erth           42%        2d11      1%          1

Your spell library contained the following spells:

 Spells                   Type           Power      Damage    Failure   Level
 Searing Ray              Conj           42%        2d6       2%          2
 Summon Small Mammal      Summ           84%        N/A       1%          1
 Ensorcelled Hibernation  Hex/Ice        42%        N/A       2%          2
 Lesser Beckoning         Tloc           42%        N/A       2%          2
 Momentum Strike          Conj/Tloc      42%        3d9       2%          2
 Call Canine Familiar     Summ           21%        N/A       4%          3
 Ignite Poison            Fire/Tmut/Pois 22%        N/A       4%          3
 Summon Guardian Golem    Hex/Summ       21%        N/A       4%          3
 Anguish                  Hex/Necr       10%        N/A       14%         4


Dungeon Overview and Level Annotations

Branches:
Dungeon (11/15)            Temple (1/1) D:7             Orc (1/2) D:9
  Sewer (visited)         Ossuary (visited)
   Lair: D:8-11

Altars:
Ashenzari
Cheibriados
Dithmenos
Elyvilon
Fedhas
Gozag
Hepliaklqana
Kikubaaqudgha
Makhleb
Nemelex Xobeh
Okawaru
Qazlal
Ru
Sif Muna
Trog
Uskayaw
Vehumet
Wu Jian
Xom
Yredelemnul
Zin
The Shining One

Shops:
D:4 *

Annotations:
D:10 1 transporter


Innate Abilities, Weirdness & Mutations

You have very sharp teeth.
Your uncanny sense of smell can sniff out nearby items.
Your experience applies equally to all skills.


Message History

The troll is lightly wounded.
The troll closely misses you.
The troll claws you but does no damage. x2
Casting: Sting (safe; 1% risk of failure)
Confirm with . or Enter, or press ? or * to list all spells.
Aiming: Sting (safe; 1% risk of failure)
Press: ? - help, Shift-Dir - straight line, f/p - troll
Aim: a troll (lightly wounded, very poisoned, 76% to hit)
The sting misses the troll.
The troll misses you. The troll claws you! x2
Unknown command.
You barely miss the troll.
The troll is lightly wounded.
The troll misses you. The troll barely misses you. The troll claws you!
You closely miss the troll.
The troll is lightly wounded.
The troll barely misses you. The troll claws you. The troll claws you!
You hit the troll but do no damage. You punch the troll, but do no damage.
The troll is lightly wounded.
You closely miss the troll.
The troll is lightly wounded.
The troll bites you!
* * * LOW HITPOINT WARNING * * *
The troll claws you!
* * * LOW HITPOINT WARNING * * *
The troll claws you.
* * * LOW HITPOINT WARNING * * *
Unknown command.
You feel much better. The troll bites you!
* * * LOW HITPOINT WARNING * * *
The troll barely misses you. x2
Okay, then.
You feel much better. The troll bites you! The troll misses you.
The troll claws you.
As you read the scroll of teleportation, it crumbles to dust.
You feel strangely unstable. The troll bites you!
* * * LOW HITPOINT WARNING * * *
The troll closely misses you. The troll barely misses you.
The troll attacks as you move away! The troll bites you!
* * * LOW HITPOINT WARNING * * *
The troll claws you!
You die...

#.# #.####..##.##.#...########
#.## #.####..##.##..>..........
...# #.#................####..#
#..#####.#.##..##.##....).......#
#....))....##..##.##.#...##..>...
..######.............###.##.##.##
### ##########.#### #.#...#.#
###### #.[.# #.......# .....#
###[@)## ###...#### ..#..######
#..[.T.# #....... ..........#
#.##...#######....###
...#...#..###.##...##............
####..###.................[......
####...#..###.##(#.##............
...)......# #.##.#.######.....###
########### #......# #........
####[### #.....###


You could see a troll (poisoned).

Vanquished Creatures
  2 two-headed ogres
  Lodul (D:10)
  An orc sorcerer (D:9)
  A komodo dragon (D:10)
  A troll (D:10)
  Prince Ribbit (D:9)
  Grinder (Sewer)
  A hornet (D:9)
  A shadow (D:10)
  4 wyverns
  A yak (D:10)
  A vampire (D:9)
  Grum (D:8)
  Menkaure (D:6)
  Edmund (D:5)
  4 wargs (D:9)
  2 water moccasins
  Duvessa (D:6)
  2 sky beasts
  4 orc warriors
  A black bear (D:4)
  4 wolves (D:8)
  7 centaurs
  7 ogres
  6 kobold brigands
  Blork the orc (D:6)
  2 bullfrogs
  A gnoll sergeant (D:8)
  2 elf skeletons (D:5)
  10 wights
  Dowan (D:6)
  A killer bee (D:10)
  An electric eel (D:10)
  4 howler monkeys
  A hound (D:6)
  2 quasits (Sewer)
  5 jellies
  2 orc priests
  A gnoll bouda (D:10)
  A sleepcap (D:5)
  A human skeleton (D:5)
  4 iguanas
  4 orc wizards
  8 mummies (Ossuary)
  4 gnolls (D:8)
  10 adders
  A river rat (D:3)
  4 shadow imps
  4 ufetubi
  An adder zombie (Sewer)
  4 worms
  4 dart slugs
  31 orcs
  4 bats
  12 endoplasms
  2 giant cockroaches
  10 goblins
  7 hobgoblins
  19 jackals
  28 kobolds
  2 quokkas
  7 ball pythons
  6 frilled lizards
  2 gnoll zombies (Ossuary)
  2 hobgoblin zombies (Ossuary)
  4 kobold zombies (Ossuary)
  An orc skeleton (D:5)
  2 orc zombies (D:5)
  9 rats
289 creatures vanquished.

Notes
Turn   | Place    | Note
-------+----------+-------------------------------------------
     0 | D:1      | Reached skill level 10 in Long Blades
     0 | D:1      | zazu2006 the Gnoll Wanderer began the quest for the Orb.
     0 | D:1      | zazu2006 set off with the following items: a +2 falchion, a
                  | +0 scale mail, a potion of haste; and the following spell
                  | memorised: Sting; and the following spells available to
                  | memorise: Ignite Poison.
     0 | D:1      | Reached XP level 1. HP: 17/17 MP: 4/4
   193 | D:1      | Reached XP level 2. HP: 18/23 MP: 5/5
   416 | D:1      | Reached XP level 3. HP: 21/28 MP: 7/7
   712 | D:2      | Reached skill level 1 in Invocations
   785 | D:2      | Reached skill level 1 in Short Blades
   785 | D:2      | Reached skill level 1 in Axes
   785 | D:2      | Reached skill level 1 in Maces & Flails
   785 | D:2      | Reached skill level 1 in Polearms
   785 | D:2      | Reached skill level 1 in Staves
   785 | D:2      | Reached skill level 1 in Ranged Weapons
   785 | D:2      | Reached skill level 1 in Throwing
   785 | D:2      | Reached skill level 1 in Dodging
   785 | D:2      | Reached skill level 1 in Stealth
   785 | D:2      | Reached skill level 1 in Shields
   785 | D:2      | Reached skill level 1 in Unarmed Combat
   927 | D:2      | Reached XP level 4. HP: 34/34 MP: 8/8
  1090 | D:2      | Reached skill level 1 in Conjurations
  1090 | D:2      | Reached skill level 1 in Hexes
  1090 | D:2      | Reached skill level 1 in Summonings
  1090 | D:2      | Reached skill level 1 in Necromancy
  1090 | D:2      | Reached skill level 1 in Translocations
  1090 | D:2      | Reached skill level 1 in Transmutations
  1090 | D:2      | Reached skill level 1 in Fire Magic
  1090 | D:2      | Reached skill level 1 in Ice Magic
  1090 | D:2      | Reached skill level 1 in Air Magic
  1090 | D:2      | Reached skill level 1 in Earth Magic
  1090 | D:2      | Reached skill level 1 in Shapeshifting
  1387 | D:3      | Reached XP level 5. HP: 27/40 MP: 9/9
  1472 | D:3      | Found a glowing drain.
  1493 | Sewer    | Entered a sewer
  1776 | Sewer    | Reached XP level 6. HP: 31/47 MP: 8/11
  1920 | Sewer    | Found a burning altar of Makhleb.
  2128 | Sewer    | Noticed Grinder
  2139 | Sewer    | Paralysed by Grinder for 4 turns
  2156 | Sewer    | Paralysed by Grinder for 4 turns
  2162 | Sewer    | Paralysed by Grinder for 4 turns
  2191 | Sewer    | Killed Grinder
  2192 | Sewer    | Reached XP level 7. HP: 32/52 MP: 12/12
  4109 | D:4      | Reached XP level 8. HP: 42/60 MP: 11/14
  4214 | D:4      | Found Hacaacle's General Store.
  4219 | D:4      | Bought a scroll of identify for 24 gold pieces
  4482 | D:5      | Entered Level 5 of the Dungeon
  4532 | D:5      | Found a sand-covered staircase.
  4594 | Ossuary  | Entered an ossuary
  5246 | D:5      | Found a hazy altar of Hepliaklqana.
  5252 | D:5      | Reached skill level 11 in Long Blades
  5334 | D:5      | Found a shadowy altar of Dithmenos.
  5401 | D:5      | Noticed Edmund
  5427 | D:5      | Killed Edmund
  5800 | D:5      | Found a white marble altar of Elyvilon.
  6025 | D:6      | Noticed Blork the orc
  6034 | D:6      | Killed Blork the orc
  6204 | D:6      | Reached XP level 9. HP: 43/66 MP: 16/16
  6318 | D:6      | Noticed Menkaure
  6323 | D:6      | Killed Menkaure
  6324 | D:6      | Reached skill level 5 in Spellcasting
  6380 | D:6      | Identified the amulet "Filuduex" {Spirit rN+}
  6429 | D:6      | Reached skill level 5 in Fighting
  6429 | D:6      | Reached skill level 5 in Armour
  6429 | D:6      | Reached skill level 5 in Evocations
  6508 | D:6      | Noticed Duvessa
  6509 | D:6      | Noticed Dowan
  6756 | D:7      | Found a staircase to the Ecumenical Temple.
  6764 | Temple   | Entered the Ecumenical Temple
  6784 | Temple   | Became a worshipper of Vehumet
  6788 | Temple   | Learned a level 2 spell: Blink
  7336 | D:6      | Killed Duvessa
  7337 | D:6      | Reached skill level 5 in Invocations
  7348 | D:6      | Killed Dowan
  9026 | D:7      | Reached XP level 10. HP: 53/62 MP: 15/18
  9367 | D:8      | Reached skill level 5 in Short Blades
  9367 | D:8      | Reached skill level 5 in Axes
  9367 | D:8      | Reached skill level 5 in Maces & Flails
  9367 | D:8      | Reached skill level 5 in Polearms
  9367 | D:8      | Reached skill level 5 in Staves
  9367 | D:8      | Reached skill level 5 in Ranged Weapons
  9367 | D:8      | Reached skill level 5 in Throwing
  9367 | D:8      | Reached skill level 5 in Dodging
  9367 | D:8      | Reached skill level 5 in Stealth
  9367 | D:8      | Reached skill level 5 in Shields
  9367 | D:8      | Reached skill level 5 in Unarmed Combat
  9808 | D:8      | Noticed Grum
  9826 | D:8      | Killed Grum
  9917 | D:8      | Found an iron altar of Okawaru.
  9933 | D:8      | Reached * piety under Vehumet
  9933 | D:8      | Offered knowledge of Sandblast by Vehumet.
  9950 | D:8      | Learned a level 1 spell: Sandblast
 10242 | D:9      | Reached skill level 5 in Poison Magic
 10447 | D:9      | Found a staircase to the Orcish Mines.
 10508 | D:9      | Noticed a two-headed ogre
 10520 | D:9      | Killed a two-headed ogre
 11383 | D:9      | Noticed Prince Ribbit
 11403 | D:9      | Killed Prince Ribbit
 11404 | D:9      | Reached XP level 11. HP: 69/83 MP: 20/20
 11629 | D:9      | Reached skill level 12 in Long Blades
 11664 | D:9      | Reached skill level 5 in Conjurations
 11664 | D:9      | Reached skill level 5 in Hexes
 11664 | D:9      | Reached skill level 5 in Summonings
 11664 | D:9      | Reached skill level 5 in Necromancy
 11664 | D:9      | Reached skill level 5 in Translocations
 11664 | D:9      | Reached skill level 5 in Transmutations
 11664 | D:9      | Reached skill level 5 in Fire Magic
 11664 | D:9      | Reached skill level 5 in Ice Magic
 11664 | D:9      | Reached skill level 5 in Air Magic
 11664 | D:9      | Reached skill level 5 in Earth Magic
 11664 | D:9      | Reached skill level 5 in Shapeshifting
 11924 | D:10     | Entered Level 10 of the Dungeon
 11924 | D:10     | Noticed a flayed ghost
 11924 | D:10     | Found an ancient bone altar of Kikubaaqudgha.
 11924 | D:10     | Found a transporter.
 11925 | D:10     | Found a basalt altar of Yredelemnul.
 11958 | D:10     | You fall into a shaft and drop 1 floor!
 12370 | D:10     | Found a shimmering blue altar of Sif Muna.
 12461 | D:10     | Noticed Lodul
 12832 | D:10     | Noticed a two-headed ogre
 12841 | D:10     | Killed a two-headed ogre
 12972 | D:10     | Found a burning altar of Makhleb.
 13247 | D:10     | Killed Lodul
 13253 | D:10     | Reached ** piety under Vehumet
 13253 | D:10     | Offered knowledge of Searing Ray by Vehumet.
 13648 | D:10     | Noticed a sun demon
 13671 | Orc:1    | Entered Level 1 of the Orcish Mines
 13737 | Orc:1    | Noticed an orc sorcerer
 13786 | D:9      | Killed an orc sorcerer
 14011 | D:9      | Slain by a troll

Illustrated notes

Levels and vault maps discovered:
D:1:      amcnicky_arrival_flooded_fountain, layout_rooms, minmay_unequal
D:2:      layout_rooms, st_stairs_6, minivault_24, minmay_crystal_water,
          grunt_ministairs_11
D:3:      layout_basic, lightli_sewer_entry_pipes, grunt_ministairs_15,
          chequers_mini_garden
D:4:      layout_basic, serial_shops, shop, minmay_misc_feat_room,
          minmay_bisected
D:5:      layout_rooms, grunt_dithmenos_smoke, lemuel_coloured_pillars_altar,
          mainiacjoe_overflow_small_starburst, nicolae_ossuary_entry_catacombs,
          minmay_misc_feat_ornament, uniq_edmund
D:6:      layout_cave_pools, corexii_item_surrounded_by_moat,
          hangedman_abyss_or_decor_stabs, uniq_blork_the_orc, uniq_menkaure,
          uniq_duvessa
D:7:      nicolae_cairo_tiling_very_big, layout_loops_cross,
          minmay_temple_entry_statues_fountains, minivault_24, dk_noncrumbling_3
D:8:      layout_basic, okawaru_metal_pillars_1_2, uniq_grum
D:9:      layout_loops_cross, minmay_orc_entry_guard_dogs, uniq_prince_ribbit1
D:10:     nzn_winding_woodlands_stair_cross [nzn_winding_woodlands_5x15_default,
          nzn_winding_woodlands_center_garden, nzn_winding_woodlands_5x15_eye,
          nzn_winding_woodlands_5x5_default,
          nzn_winding_woodlands_5x5_checkerboard,
          nzn_winding_woodlands_5x15_twine,
          nzn_winding_woodlands_center_triple_pond,
          nzn_winding_woodlands_5x15_concentric], layout_basic, kennysheep_mini,
          gammafunk_temple_of_torment, mainiacjoe_overflow_surrounded_room,
          blue_anna_alchemist, uniq_lodul
D:11:     layout_basic, david_defended_altar_orc
Temple:   nicolae_temple_bog_church
Orc:1:    layout_caves, basic_altar

Skill      XL: |  1  2  3  4  5  6  7  8  9 10 11 |
---------------+----------------------------------+-----
Long Blades    | 11 12 | 12.2
Poison Magic   | 2 3 4 5 |  5.9
Invocations    | 1 2 3 4 5 6 7 |  7.2
Short Blades   | 1 2 3 4 5 6 |  6.5
Axes           | 1 2 3 4 5 6 |  6.5
Maces & Flails | 1 2 3 4 5 6 |  6.5
Polearms       | 1 2 3 4 5 6 |  6.5
Staves         | 1 2 3 4 5 6 |  6.5
Ranged Weapons | 1 2 3 4 5 6 |  6.5
Throwing       | 1 2 3 4 5 6 |  6.5
Dodging        | 1 2 3 4 5 6 |  6.5
Stealth        | 1 2 3 4 5 6 |  6.5
Shields        | 1 2 3 4 5 6 |  6.5
Unarmed Combat | 1 2 3 4 5 6 |  6.5
Spellcasting   | 3 4 5 6 7 |  7.2
Conjurations   | 1 2 3 4 5 |  5.4
Hexes          | 1 2 3 4 5 |  5.4
Summonings     | 1 2 3 4 5 |  5.4
Necromancy     | 1 2 3 4 5 |  5.4
Translocations | 1 2 3 4 5 |  5.4
Transmutations | 1 2 3 4 5 |  5.4
Fire Magic     | 1 2 3 4 5 |  5.4
Ice Magic      | 1 2 3 4 5 |  5.4
Air Magic      | 1 2 3 4 5 |  5.4
Earth Magic    | 1 2 3 4 5 |  5.4
Shapeshifting  | 1 2 3 4 5 |  5.4
Fighting       | 3 4 5 6 7 |  7.1
Armour         | 3 4 5 6 7 |  7.1
Evocations     | 3 4 5 6 7 |  7.1

Action                     |  1- 3 |  4- 6 |  7- 9 | 10-12 || total
---------------------------+-------+-------+-------+-------++-------
  Melee: Falchion          |    66 |   255 |   534 |   338 ||  1193
         Bite              |     5 |    18 |    57 |    38 ||   118
         Punch             |       |     5 |    17 |    19 ||    41
  Throw: Dart              |       |    11 |    12 |    20 ||    43
         Throwing net      |       |       |     1 |       ||     1
   Cast: Sting             |       |     2 |     5 |    25 ||    32
         Sandblast         |       |       |       |     8 ||     8
         Blink             |       |       |       |     1 ||     1
  Evoke: Wand              |       |       |       |     8 ||     8
    Use: Potion            |       |     3 |     4 |     7 ||    14
         Scroll            |       |     6 |    10 |     2 ||    18
   Stab: Held in net/web   |       |       |     3 |       ||     3
         Sleeping          |       |       |     1 |     6 ||     7
 Armour: Scale mail        |    35 |   120 |   101 |       ||   256
         Robe              |       |       |     8 |    37 ||    45
         Skin              |       |       |       |    71 ||    71
  Dodge: Dodged            |    26 |   114 |   200 |   194 ||   534

Table legend: (Time is in decaauts)
 A = Elapsed time spent in this place.
 B = Non-inter-level travel time spent in this place.
 C = Inter-level travel time spent in this place.
 D = Time resting spent in this place.
 E = Time spent auto-exploring this place.
 F = Levels seen in this place.
 G = Mean time per level.
                   A        B        C        D        E       F      G
               +--------+--------+--------+--------+--------+-----+--------+
         Total |  13787 |  13363 |    424 |    789 |   9863 |  15 |  919.1 |
       Dungeon |  12235 |  11854 |    381 |    789 |   8834 |  11 | 1112.3 |
        Temple |     46 |      4 |     42 |      0 |      0 |   1 |   46.0 |
  Orcish Mines |    111 |    111 |      0 |      0 |     59 |   1 |  111.0 |
         Sewer |    921 |    921 |      0 |      0 |    619 |   1 |  921.0 |
       Ossuary |    473 |    473 |      0 |      0 |    351 |   1 |  473.0 |
               +--------+--------+--------+--------+--------+-----+--------+

Top non-repeatable levels by time:
     D:9: 1936 daAuts
     D:6: 1477 daAuts
    D:10: 1473 daAuts
     D:7: 1440 daAuts
     D:5: 1163 daAuts
     D:3: 1156 daAuts
     D:4: 1128 daAuts
     D:8: 1009 daAuts
   Sewer: 921 daAuts
     D:1: 685 daAuts
     D:2: 528 daAuts
 Ossuary: 473 daAuts
    D:11: 237 daAuts
   Orc:1: 111 daAuts
  Temple: 46 daAuts
